 Dungeon Crawl Stone Soup version 0.30-a0-1160-g6e42c06551 (webtiles) character file.

Game seed: 10693862077481785368

13 voltaire321 the Conjurer (level 2, 0/18 HPs)
             Began as an Octopode Conjurer on Apr 26, 2023.
             Slain by a quokka (3 damage)
             ... on level 1 of the Dungeon.
             The game lasted 00:01:23 (888 turns).

voltaire321 the Conjurer (Octopode Conjurer)         Turns: 888, Time: 00:01:24

Health: 0/18       AC:  1    Str:  6    XL:     2   Next: 37%
Magic:  5/5        EV: 13    Int: 20    God:
Gold:   29         SH:  0    Dex: 10    Spells: 2/5 levels left

rFire   . . .        i - +0 dagger
rCold   . . .        (no shield)
rNeg    . . .        (helmet restricted)
rPois   .            (no amulet)
rElec   .            (no ring)
rCorr   .            (no ring)
SInv    .            (no ring)
Will    .....        (no ring)
Stlth   +++          (no ring)
HPRegen 0.23/turn    (no ring)
MPRegen 0.09/turn    (no ring)
                     (no ring)

%: no passive effects
@: no status effects
A: almost no armour, amphibious, 8 rings, camouflage 1, gelatinous body 1,
(nimble swimmer 1), tentacles
a: no special abilities


You were on level 1 of the Dungeon.
You visited 1 branch of the dungeon, and saw 2 of its levels.

You collected 29 gold pieces.

Inventory:

Hand Weapons
 i - a +0 dagger (weapon)
Jewellery
 d - an amulet of the acrobat
 j - a ring of willpower
Scrolls
 b - a scroll of identify {unknown}
 c - a scroll of amnesia {unknown}
 g - a scroll of fog {unknown}
 h - a scroll of teleportation {unknown}
Potions
 a - a potion of magic
 e - a potion of lignification {unknown}
 f - a potion of degeneration {unknown}
 k - a potion of curing {unknown}


   Skills:
 + Level 0.8 Fighting
 + Level 2.2 Dodging
 - Level 2.6 Stealth
 + Level 2.2 Spellcasting
 + Level 4.1 Conjurations


You had 2 spell levels left.
You knew the following spells:

 Your Spells              Type           Power      Damage    Failure   Level
a - Magic Dart            Conj           72%        1d6       2%          1
b - Searing Ray           Conj           36%        2d5       4%          2

Your spell library contained the following spells:

 Spells                   Type           Power      Damage    Failure   Level
 Sting                    Tmut/Pois      8%         1d3       16%         1
 Summon Small Mammal      Summ           8%         N/A       16%         1
 Poisonous Vapours        Pois/Air       4%         N/A       24%         2
 Dazzling Flash           Conj/Hex       20%        N/A       21%         3
 Call Canine Familiar     Summ           2%         N/A       43%         3
 Summon Guardian Golem    Hex/Summ       2%         N/A       43%         3
 Fulminant Prism          Conj/Hex       5%         3d7       54%         4
 Iskenderun's Mystic Bla  Conj/Tloc      10%        2d4       54%         4
 Olgreb's Toxic Radiance  Pois           2%         N/A       83%         4


Dungeon Overview and Level Annotations

Branches:
Dungeon (2/15)

Altars:


Innate Abilities, Weirdness & Mutations

You cannot wear most types of armour.
You are amphibious.
You can wear up to eight rings at the same time.
Your skin changes colour to match your surroundings (Stealth+).
Your rubbery body absorbs attacks. (AC +1, EV +1)
((You are camouflaged when in or above water. (Stealth+)))
You have tentacles for arms and can constrict up to eight enemies at once.


Message History

You are frozen.
You hit the endoplasm.
The endoplasm is moderately wounded.
The endoplasm freezes you.
You are frozen.
The quokka barely misses you. The endoplasm barely misses you.
You climb upwards.
There is a stone staircase leading down here.
You hit the endoplasm but do no damage.
The endoplasm is moderately wounded.
The quokka misses you. The endoplasm freezes you.
You are frozen.
* * * LOW HITPOINT WARNING * * *
You hit the endoplasm.
The endoplasm is heavily wounded.
The quokka closely misses you. The endoplasm hits you.
* * * LOW HITPOINT WARNING * * *
You hit the endoplasm.
The endoplasm is almost dead.
The quokka closely misses you.
The endoplasm hits you but does no damage.
The quokka completely misses you.
You closely miss the quokka. Your grab misses the quokka.
The quokka completely misses you. The endoplasm closely misses you.
You miss the quokka. Your grab misses the quokka.
You squeeze the quokka, but do no damage.
The quokka closely misses you. The endoplasm hits you.
* * * LOW HITPOINT WARNING * * *
You hit the endoplasm.
You kill the endoplasm!
The quokka closely misses you.
You hit the quokka. Your grab misses the quokka.
The quokka is moderately wounded.
The quokka closely misses you.
You barely miss the quokka. You grab the quokka.
The quokka is moderately wounded.
You constrict the quokka, but do no damage.
The quokka closely misses you. The quokka bites you.
You die...

...##.......#'# ##'# #......#
##.###.....##.## ##.## ##.#######
#.# #....##...###...###..# #..
#.####...+.....'.....+..## #.#
#.......###...###...##### #.#
#########.##.##.##.##.## ####.#
#########...###...###...####....#
.......#.....#.r...#.....#......#
######.'.....'..@..'.....'.#....#
###.....#.....#.....######..
###...###...###...### #.#
##.##.##.##.##.##.##.#####.#
######...###...###...###...##...#
....'.....'..⌠..'..⌠..'.....'.###
######...###...#'#...###...####
.....##.##.##.##.##.##.##.##
#####.###...###...###...###


You could see a quokka.

Vanquished Creatures
  2 ball pythons
  2 endoplasms (D:1)
  A hobgoblin (D:1)
  3 jackals (D:1)
  A goblin (D:1)
  2 kobolds
11 creatures vanquished.

Notes
Turn   | Place    | Note
-------+----------+-------------------------------------------
     0 | D:1      | voltaire321 the Octopode Conjurer began the quest for the
                  | Orb.
     0 | D:1      | Reached XP level 1. HP: 11/11 MP: 3/3
   380 | D:1      | Reached XP level 2. HP: 18/18 MP: 3/5
   383 | D:1      | Learned a level 2 spell: Searing Ray
   888 | D:1      | Slain by a quokka

Illustrated notes

Levels and vault maps discovered:
D:1:      mrwooster_arrival_statue_3, layout_basic, nicolae_hexahallways,
          feat_on_display
D:2:      layout_basic, hellmonk_ecumenical_altar_defaced_shrine, basic_altar

Action                     || total
---------------------------++-------
  Melee: Unarmed           ||    10
         Constrict         ||     6
         Tentacles         ||     5
         Dagger            ||    13
   Cast: Magic Dart        ||    15
   Stab: Sleeping          ||     1
 Armour: Skin              ||     1
  Dodge: Dodged            ||    24

Table legend: (Time is in decaauts)
 A = Elapsed time spent in this place.
 B = Non-inter-level travel time spent in this place.
 C = Inter-level travel time spent in this place.
 D = Time resting spent in this place.
 E = Time spent auto-exploring this place.
 F = Levels seen in this place.
 G = Mean time per level.
                   A        B        C        D        E       F      G
               +--------+--------+--------+--------+--------+-----+--------+
         Total |    887 |    864 |     23 |     72 |    707 |   2 |  443.5 |
       Dungeon |    887 |    864 |     23 |     72 |    707 |   2 |  443.5 |
               +--------+--------+--------+--------+--------+-----+--------+

Top non-repeatable levels by time:
     D:1: 880 daAuts
     D:2: 7 daAuts
